 Dungeon Crawl Stone Soup version 0.28-a0-475-g7dc2aef8ca (webtiles) character file.

Game seed: 7161710635643720881

169 Dabor the Skirmisher (level 5, -4/42 HPs)
             Began as a Formicid Abyssal Knight on Sept 16, 2021.
             Was a Believer of Lugonu.
             Slain by Duvessa (11 damage)
             ... on level 3 of the Dungeon.
             The game lasted 00:08:27 (3979 turns).

Dabor the Skirmisher (Formicid Abyssal Knight)      Turns: 3979, Time: 00:08:27

Health: -4/42      AC: 11    Str: 17    XL:     5   Next: 79%
Magic:  7/7        EV:  5    Int: 12    God:    Lugonu [**....]
Gold:   123        SH:  0    Dex: 10    Spells: 4/4 levels left

rFire   . . .      SeeInvis +   p - +0 halberd
rCold   . . .      Faith    .   (no shield)
rNeg    . . .      Spirit   .   k - +0 plate armour
rPois   +          Reflect  .   (helmet unavailable)
rElec   .          Harm     .   (no cloak)
rCorr   .          Rampage  .   (no gloves)
Will    +....                   (no boots)
Stlth   ..........              l - amulet of magic regeneration
HPRegen 0.14/turn               f - ring of poison resistance
MPRegen 0.35/turn               m - ring of willpower

@: confused, ambrosia-drunk
A: permanent stasis, dig shafts and tunnels, antennae 3, four strong arms
a: Dig, Shaft Self, Renounce Religion, Depart the Abyss, Bend Space


You were on level 3 of the Dungeon.
You worshipped Lugonu.
Lugonu was pleased with you.
You visited 1 branch of the dungeon, and saw 4 of its levels.
You visited the Abyss 1 time.

You collected 123 gold pieces.

Inventory:

Hand Weapons
 a - a +1 spear
 p - a +0 halberd (weapon)
Armour
 b - a +0 leather armour
 k - a +0 plate armour (worn)
Jewellery
 f - a ring of poison resistance (left hand)
 l - an amulet of magic regeneration (around neck)
 m - a ring of willpower (right hand)
Scrolls
 d - a scroll of fear {unknown}
 e - a scroll of blinking
 h - 3 scrolls of identify
 j - a scroll of teleportation {unknown}
 n - a scroll of noise
 o - a scroll of amnesia {unknown}
Potions
 g - 2 potions of mutation
 i - a potion of brilliance
 q - a potion of degeneration {unknown}
 r - a potion of magic {unknown}


   Skills:
 + Level 4.1 Fighting
 + Level 3.0 Polearms
 + Level 3.2 Armour
 + Level 2.1 Dodging
 + Level 3.5 Invocations


You had 4 spell levels left.
You didn't know any spells.
Your spell library contained the following spells:

 Spells                   Type           Power      Damage    Failure   Level
 Manifold Assault         Tloc           0%         N/A       100%        5
 Storm Form               Tmut/Air       0%         N/A       100%        7
 Blink                    Tloc           Unusable   N/A       N/A         2

Dungeon Overview and Level Annotations

Branches:
Dungeon (4/15)
 Temple: D:4-7

Altars:
Kikubaaqudgha
Makhleb
Sif Muna

Shops:
D:2 [

Annotations:
D:3 Duvessa
D:4 2 runed translucent doors


Innate Abilities, Weirdness & Mutations

You cannot be hasted, slowed, berserked, paralysed or teleported.
You can dig through walls and to a lower floor.
You have a pair of large antennae on your head. (SInv)
Your four strong arms can wield two-handed weapons with a shield.


Message History

You kill Dowan!
Lugonu accepts your kill.
You hear a distant scream of rage.
You feel very sick.
Your Polearms skill increases to level 3!
You feel sick.
r - a lumpy puce potion
Items here: ) [ ††.
You feel sick.
Press: ? - help, v - describe, . - travel, g - get item
Items here: ) [ ††.
The floor, spattered with blood.
You feel sick.
You feel sick.
You feel sick.
You feel sick.
You feel sick.
You are no longer poisoned.
You start resting.
Duvessa, Sister of Dowan comes into view.
She is wielding a +0 short sword.
Duvessa goes berserk!
Duvessa rages.
Duvessa rages.
Duvessa hits you but does no damage. Duvessa hits you with a +0 short sword.
You hear a shout!
Duvessa hits you with a +0 short sword. Duvessa closely misses you.
Duvessa rages.
Duvessa hits you with a +0 short sword.
There is a stone staircase leading up, spattered with blood here.
Duvessa hits you with a +0 short sword!
* * * LOW HITPOINT WARNING * * *
You climb upwards.
There is a stone staircase leading down here.
You are confused.
You feel invigorated. Duvessa hits you with a +0 short sword!
* * * LOW HITPOINT WARNING * * *
Duvessa hits you with a +0 short sword!
You die...

#.##.##.####.#...## #..>...#
..................# ######.#
.###.##......#...## ##...### .#
#.##########.## ##.###..# ## #.#
#.# ##.## ##.## #.# #.# #.##
##.# ###.# ##'## #.# #.# ##.#.##
##..e## #.## ##.# #.#.#.#
##...@.## ##.## ##.## ##.#..##
##.......## ##.###..#
##.#...####.........####.....###
..........'.........'.......##
##.#...####.........####....#
#.##.## ##.......## ##.#.#
#...## ##.....## ###.## ###.#
##...#### #..# #.# #.......#
##.#


You could see Duvessa (berserk).

Vanquished Creatures
  Dowan (D:4)
  4 gnolls
  An adder (D:3)
  2 worms
  2 dart slugs
  2 orcs (D:3)
  4 ball pythons
  3 bats
  3 endoplasms
  4 giant cockroaches
  3 goblins
  6 hobgoblins
  4 jackals (D:2)
  3 quokkas
  4 frilled lizards
  8 kobolds
  8 rats
62 creatures vanquished.

Notes
Turn   | Place    | Note
-------+----------+-------------------------------------------
     0 | Abyss:1  | Dabor the Formicid Abyssal Knight began the quest for the
                  | Orb.
     0 | Abyss:1  | Reached XP level 1. HP: 18/18 MP: 2/2
    40 | Abyss:1  | Found a sacrificial altar of Ru.
    72 | Abyss:1  | Noticed a sixfirhy
    77 | Abyss:1  | Found a stormy altar of Qazlal.
    94 | Abyss:1  | Noticed a lich
    96 | D:1      | Escaped the Abyss
   118 | D:1      | Noticed a centaur
   222 | D:1      | Found a faded altar of an unknown god.
   253 | D:1      | Reached skill level 1 in Dodging
   360 | D:1      | Reached XP level 2. HP: 24/24 MP: 3/3
   619 | D:1      | Reached * piety under Lugonu
   803 | D:1      | Reached XP level 3. HP: 29/29 MP: 4/4
  1503 | D:2      | Found Dulasor's Antique Armour Shoppe.
  1829 | D:2      | Found a burning altar of Makhleb.
  1987 | D:2      | Reached XP level 4. HP: 35/37 MP: 6/6
  2272 | D:3      | Reached ** piety under Lugonu
  2452 | D:3      | Found an ancient bone altar of Kikubaaqudgha.
  3132 | D:3      | Reached XP level 5. HP: 25/42 MP: 7/7
  3617 | D:3      | Found a shimmering blue altar of Sif Muna.
  3632 | D:3      | Reached skill level 4 in Fighting
  3831 | D:4      | Found a large runed translucent door.
  3839 | D:4      | Noticed Dowan
  3843 | D:4      | Found a large runed translucent door.
  3870 | D:4      | Killed Dowan
  3959 | D:4      | Noticed Duvessa
  3979 | D:3      | Slain by Duvessa

Illustrated notes

Levels and vault maps discovered:
D:1:      evilmike_arrival_come_back, layout_loops_ring,
          chequers_ecumenical_altar_simple_redux, st_stairs_6
D:2:      layout_loops_corners, basic_altar, serial_shops, shop,
          minmay_misc_feat_alley
D:3:      layout_loops_corners, nicolae_sif_muna_condensation,
          mainiacjoe_overflow_six_doors_small
D:4:      due_chaos_kobolds, layout_basic, kennysheep_mini, marbit_many_paths,
          hangedman_minor_gate_pass, uniq_duvessa

Skill      XL: |  1  2  3  4  5 |
---------------+----------------+-----
Dodging        | 1 2 |  2.1
Invocations    | 3 |  3.5
Armour         | 3 |  3.2
Fighting       | 4 |  4.1
Polearms       | 3 |  3.0

Action                   |  1- 3 |  4- 6 || total
-------------------------+-------+-------++-------
Melee: Spear             |   142 |    70 ||   212
       Halberd           |       |    21 ||    21
Invok: Depart the Abyss  |     1 |       ||     1
 Abil: Dig               |     2 |       ||     2
  Use: Scroll            |       |     5 ||     5
       Potion            |       |     1 ||     1
 Stab: Sleeping          |     1 |       ||     1
Armor: Leather armour    |    12 |       ||    12
       Plate armour      |    40 |    49 ||    89
Dodge: Dodged            |    48 |    21 ||    69

Table legend: (Time is in decaauts)
 A = Elapsed time spent in this place.
 B = Non-inter-level travel time spent in this place.
 C = Inter-level travel time spent in this place.
 D = Time resting spent in this place.
 E = Time spent auto-exploring this place.
 F = Levels seen in this place.
 G = Mean time per level.
                   A        B        C        D        E       F      G
               +--------+--------+--------+--------+--------+-----+--------+
         Total |   3984 |   3884 |    100 |    293 |   2790 |   5 |  796.8 |
       Dungeon |   3888 |   3788 |    100 |    293 |   2721 |   4 |  972.0 |
         Abyss |     96 |     96 |      0 |      0 |     69 |   1 |   96.0 |
               +--------+--------+--------+--------+--------+-----+--------+

Top non-repeatable levels by time:
     D:2: 1535 daAuts
     D:1: 1165 daAuts
     D:3: 997 daAuts
     D:4: 189 daAuts
 Abyss:1: 96 daAuts
